[Event "Titled Tuesday Blitz August 17 2021"]
[White "Chernov, Mikhail"]
[Black "Leitao, Rafael"]
[WhiteFideId "24143170"]
[BlackFideId "2101246"]
[WhiteElo "2244"]
[BlackElo "2609"]
[Result "1-0"]
[Round "01"]
[TimeControl "180+1"]
[Date "2021.08.17"]
[WhiteClock "0:00:17"]
[BlackClock "0:00:11"]

1. e4 e5 2. Nc3 Nf6 3. Bc4 Nc6 4. d3 Bb4 5. Bg5 h6 6. Bxf6 Bxc3+ 7. bxc3 Qxf6 8. Ne2 d6 9. O-O Be6 10. Bb3 Qe7 11. Qd2 O-O 12. f4 Bxb3 13. axb3 Rad8 14. c4 a6 15. Rf2 Nd4 16. Raf1 Nxe2+ 17. Qxe2 f6 18. Rf3 c6 19. Qf2 d5 20. exd5 cxd5 21. fxe5 Qxe5 22. Re1 Qd6 23. Rfe3 dxc4 24. bxc4 Qd4 25. Re7 Qxf2+ 26. Kxf2 Rf7 27. Rxf7 Kxf7 28. Rb1 Rd7 29. Ke3 Rc7 30. Rb6 Ke7 31. h4 h5 32. Kf4 Rd7 33. Kf5 Kf7 34. g3 g6+ 35. Kf4 Ke7 36. Ke4 Rc7 37. Kd5 Rd7+ 38. Ke4 Rc7 39. Kd4 Rd7+ 40. Kc3 Kf7 41. d4 g5 42. hxg5 fxg5 43. Rh6 Kg7 44. Rxh5 Kg6 45. Rh8 Kf5 46. Re8 Kg4 47. Re3 Rc7 48. c5 b6 49. Kc4 bxc5 50. dxc5 Kf5 51. Kd5 Rd7+ 52. Kc6 Rd2 53. Rc3 Ke4 54. Kb6 Rd8 55. c6 Rb8+ 56. Ka7 1-0


[Site "https://www.chess.com"]

[Event "Titled Tuesday Blitz August 17 2021"]
[White "Chirila, Ioan-Cristian"]
[Black "Ladan, Nicholas"]
[WhiteFideId "1211668"]
[BlackFideId "30918855"]
[WhiteElo "2445"]
[BlackElo "2344"]
[Result "1-0"]
[Round "01"]
[TimeControl "180+1"]
[Date "2021.08.18"]
[WhiteClock "0:00:07"]
[BlackClock "0:00:09"]

1. d4 d5 2. c4 c6 3. cxd5 cxd5 4. Nc3 Nc6 5. Bf4 Nf6 6. e3 Bf5 7. Qb3 Na5 8. Qa4+ Bd7 9. Qc2 e6 10. Bd3 Rc8 11. Nf3 Be7 12. h3 O-O 13. O-O Nc4 14. Qe2 Qb6 15. Rab1 Bd6 16. Bg5 Bb8 17. Bxf6 gxf6 18. e4 Qd6 19. Rfe1 Kh8 20. Bxc4 Rxc4 21. exd5 exd5 22. Qe7 Bf5 23. Rbd1 Be4 24. Qxd6 Bxd6 25. Nxe4 dxe4 26. Rxe4 Rc2 27. Rd2 Rfc8 28. Re8+ Kg7 29. Rxc8 Rxc8 30. g3 f5 31. Kg2 Kf6 32. Ne1 h5 33. Nd3 h4 34. gxh4 Rh8 35. f4 Rxh4 36. Kg3 Rh8 37. Ne5 Ke6 38. d5+ Kf6 39. Nc4 Bc5 40. d6 b5 41. Ne5 Rd8 42. d7 Ke6 43. h4 f6 44. Nc6 Rxd7 45. Rxd7 Kxd7 46. Na5 Bf8 47. h5 Kd6 48. Nb3 Kd5 49. Kf3 Kc4 50. Ke3 a6 51. Nd4 Bc5 52. h6 Bxd4+ 53. Kf3 Bxb2 54. h7 Kb4 55. h8=Q Ka3 56. Qc8 a5 57. Qc5+ Ka4 58. Qxf5 Bc3 59. Qd3 b4 60. Qc2+ Ka3 61. Qb3# 1-0


[Site "https://www.chess.com"]

[Event "Titled Tuesday Blitz August 17 2021"]
[White "Dang, Hoang Son"]
[Black "Pires, Marcos Vinicius Torsani"]
[WhiteFideId "12402435"]
[BlackFideId "2118939"]
[WhiteElo "2248"]
[BlackElo "2273"]
[Result "1-0"]
[Round "01"]
[TimeControl "180+1"]
[Date "2021.08.17"]
[WhiteClock "0:01:10"]
[BlackClock "0:01:21"]

1. e4 c6 2. Nf3 d5 3. Nc3 Bg4 4. h3 Bxf3 5. Qxf3 Nf6 6. d3 e6 7. g4 Bb4 8. Bd2 d4 9. Nb1 Bxd2+ 10. Nxd2 e5 11. Qg3 Nfd7 12. h4 c5 13. g5 Nc6 14. a3 Qe7 15. Bh3 Nf8 16. O-O-O Ne6 17. Bxe6 Qxe6 18. Kb1 O-O-O 19. f4 Kb8 20. Nc4 Rhe8 21. Rhf1 Rd7 22. f5 Qe7 23. f6 Qf8 24. Rf5 g6 25. Nxe5 Nxe5 26. Rxe5 Rxe5 27. Qxe5+ Qd6 28. Qe8+ Kc7 29. e5 Qd5 30. Re1 Qe6 31. Qxe6 fxe6 32. Rf1 Rf7 33. c4 dxc3 34. bxc3 Kc6 35. c4 b5 36. Kc2 a6 37. Kc3 Kd7 38. Rf4 Ke8 39. h5 Rd7 40. hxg6 hxg6 41. Rh4 Kd8 42. Rh6 Rd4 43. Rxg6 Rg4 44. Rg7 Rg3 45. Rg8+ Kd7 46. f7 1-0


[Site "https://www.chess.com"]

[Event "Titled Tuesday Blitz August 17 2021"]
[White "Deepan Chakkravarthy J."]
[Black "Obolentseva, Alexandra"]
[WhiteFideId "5011132"]
[BlackFideId "24153648"]
[WhiteElo "2490"]
[BlackElo "2113"]
[Result "1-0"]
[Round "01"]
[TimeControl "180+1"]
[Date "2021.08.17"]
[WhiteClock "0:00:11"]
[BlackClock "0:00:20"]

1. Nf3 Nf6 2. c4 g6 3. Nc3 Bg7 4. d3 O-O 5. h4 h5 6. Bg5 d6 7. Qd2 Kh7 8. e4 c5 9. Be2 Nc6 10. Nd5 Nxd5 11. cxd5 Nd4 12. Nxd4 Bxd4 13. g4 Bxg4 14. Bxg4 hxg4 15. h5 Rh8 16. O-O-O gxh5 17. Rxh5+ Kg6 18. Bh6 f6 19. Rdh1 Kf7 20. R5h4 Qd7 21. Qe2 Rag8 22. Bd2 Rxh4 23. Rxh4 Ke8 24. Rh7 Be5 25. f4 gxf3 26. Qxf3 Rg1+ 27. Be1 Qg4 28. Qxg4 Rxg4 29. Bc3 Bf4+ 30. Kc2 Rg2+ 31. Kb3 Kd7 32. Bxf6 b5 33. Rxe7+ Kc8 34. a4 bxa4+ 35. Kxa4 Rg3 36. Kb5 Rg6 37. Kc6 Rg8 38. Rxa7 Kb8 39. Rb7+ Ka8 40. Bc3 Rc8+ 41. Rc7 Rxc7+ 42. Kxc7 Ka7 43. e5 dxe5 44. d6 c4 45. dxc4 e4 46. Bd4+ Ka8 47. Kc6 e3 48. d7 Bg5 49. Bc3 e2 50. Kc7 Be7 51. d8=Q+ Bxd8+ 52. Kxd8 Kb7 53. Kd7 Kb6 54. Kd6 Kb7 55. c5 Kc8 56. b4 Kb8 57. b5 Kc8 58. b6 Kb7 59. Be1 Kb8 60. c6 Kc8 61. c7 Kb7 62. Kd7 Kxb6 63. c8=Q Kb5 64. Qc3 Ka4 65. Qb4# 1-0


[Site "https://www.chess.com"]

[Event "Titled Tuesday Blitz August 17 2021"]
[White "Demchenko, Anton"]
[Black "Karavade, Eesha"]
[WhiteFideId "4160258"]
[BlackFideId "5012600"]
[WhiteElo "2583"]
[BlackElo "2258"]
[Result "1-0"]
[Round "01"]
[TimeControl "180+1"]
[Date "2021.08.17"]
[WhiteClock "0:00:16"]
[BlackClock "0:00:01"]

1. e4 c5 2. Nf3 d6 3. d4 cxd4 4. Nxd4 Nf6 5. Nc3 a6 6. Bd3 Nc6 7. Nxc6 bxc6 8. O-O e5 9. b3 Be7 10. Bb2 O-O 11. Na4 Qc7 12. c4 Be6 13. Qe2 Rfd8 14. Rac1 a5 15. Rc2 Qa7 16. Bc1 d5 17. Be3 d4 18. Bg5 c5 19. f4 h6 20. fxe5 Ng4 21. Bf4 Qc7 22. Qe1 Ne3 23. Bxe3 dxe3 24. Qxe3 Qxe5 25. Nb6 Rab8 26. Nd5 Bxd5 27. cxd5 Rxd5 28. Bc4 Rd4 29. Qf3 Kh8 30. Re2 Rf8 31. Qh3 Rxe4 32. Rxe4 Qxe4 33. Kh1 f5 34. Bd3 Qe5 35. Bxf5 Bd6 36. Qh5 Rf6 37. g3 Qd5+ 38. Kg1 Qd4+ 39. Kg2 Qd5+ 40. Rf3 Qd2+ 41. Kh3 Qd5 42. Qe8+ Bf8 43. Be4 Qd6 44. Rxf6 Qxf6 45. Qd7 h5 46. Kg2 Qb2+ 47. Kh3 Qe5 48. Qd3 Qg5 49. Kg2 Qe5 50. Qf3 h4 51. gxh4 Bd6 52. Kf1 Qxh2 53. Qh5+ Kg8 54. Bd5+ 1-0


[Site "https://www.chess.com"]

[Event "Titled Tuesday Blitz August 17 2021"]
[White "Demidov, Mikhail"]
[Black "Babiy, Olga"]
[WhiteFideId "4197143"]
[BlackFideId "14117258"]
[WhiteElo "2559"]
[BlackElo "2253"]
[Result "0-1"]
[Round "01"]
[TimeControl "180+1"]
[Date "2021.08.17"]
[WhiteClock "0:00:12"]
[BlackClock "0:00:47"]

1. Nf3 d5 2. d4 Nf6 3. Bf4 c5 4. dxc5 e6 5. e3 Bxc5 6. c4 Qb6 7. Qb3 Bb4+ 8. Nbd2 Ne4 9. Be2 Nxd2 10. Nxd2 Nc6 11. Rd1 e5 12. Bg3 dxc4 13. Bxc4 O-O 14. O-O Na5 15. Qc2 Bg4 16. Nf3 Rac8 17. b3 Nxc4 18. bxc4 f6 19. Rb1 Qc5 20. Nd2 a5 21. Rfc1 a4 22. Ne4 Qe7 23. Qxa4 Bc5 0-1


[Site "https://www.chess.com"]

[Event "Titled Tuesday Blitz August 17 2021"]
[White "Diakonova, Ekaterina"]
[Black "Wagh Suyog"]
[WhiteFideId "24172936"]
[BlackFideId "25071688"]
[WhiteElo "2102"]
[BlackElo "2219"]
[Result "0-1"]
[Round "01"]
[TimeControl "180+1"]
[Date "2021.08.17"]
[WhiteClock "0:00:19"]
[BlackClock "0:01:52"]

1. Nf3 d6 2. g3 Nf6 3. b3 e5 4. d3 Nc6 5. Bb2 Be7 6. Bg2 O-O 7. O-O Bg4 8. h3 Bh5 9. c4 Re8 10. Nc3 Bf8 11. Nd5 Nxd5 12. cxd5 Ne7 13. g4 Bg6 14. e4 c6 15. dxc6 Nxc6 16. Qd2 a5 17. Rac1 a4 18. Rc4 axb3 19. axb3 f6 20. Ra4 Qb6 21. Rfa1 Rac8 22. b4 d5 23. Nh4 Nxb4 24. Nxg6 hxg6 25. exd5 Rc2 26. Rxb4 Qc5 27. Rc4 Qxc4 28. dxc4 Rxd2 29. Bc1 Rd1+ 30. Kh2 e4 31. Bb2 Bd6+ 0-1


[Site "https://www.chess.com"]

[Event "Titled Tuesday Blitz August 17 2021"]
[White "Divya Deshmukh"]
[Black "Zhigalko, Sergei"]
[WhiteFideId "35006916"]
[BlackFideId "13502956"]
[WhiteElo "2239"]
[BlackElo "2662"]
[Result "0-1"]
[Round "01"]
[TimeControl "180+1"]
[Date "2021.08.17"]
[WhiteClock "0:00:01"]
[BlackClock "0:01:25"]

1. Nf3 d5 2. g3 c6 3. Bg2 Bg4 4. O-O Nd7 5. d3 e6 6. Nbd2 Bd6 7. e4 Ne7 8. Re1 O-O 9. Qe2 Re8 10. Nf1 a5 11. a4 Rc8 12. b3 e5 13. Bb2 f6 14. Ne3 Be6 15. h4 Qb6 16. h5 Bb4 17. Red1 d4 18. Nc4 Qc7 19. Nh4 b5 20. Nd2 bxa4 21. Rxa4 Nc5 22. Raa1 Ra8 23. Ba3 Qb6 24. Bxb4 Qxb4 25. Kh2 a4 26. bxa4 Nxa4 27. Qf3 Nc3 28. Re1 Rxa1 29. Rxa1 Qb2 30. Ra7 Qxc2 31. Nf1 Qd1 32. Qxd1 Nxd1 33. Ra3 Nxf2 34. Nd2 Rb8 35. Bf3 0-1


[Site "https://www.chess.com"]

[Event "Titled Tuesday Blitz August 17 2021"]
[White "Drygalov, Sergey"]
[Black "Savitha Shri B"]
[WhiteFideId "24171743"]
[BlackFideId "35061887"]
[WhiteElo "2514"]
[BlackElo "2006"]
[Result "1-0"]
[Round "01"]
[TimeControl "180+1"]
[Date "2021.08.17"]
[WhiteClock "0:02:07"]
[BlackClock "0:01:06"]

1. e4 c5 2. Nf3 e6 3. d4 cxd4 4. Nxd4 Nc6 5. Nc3 a6 6. Be3 Qc7 7. Qf3 b5 8. O-O-O Bb7 9. Qg3 Qxg3 10. hxg3 Nf6 11. f3 Bb4 12. g4 O-O-O 13. g5 Ne8 14. Nb3 Nc7 15. Nc5 d5 16. exd5 exd5 17. Rh4 d4 18. Nxb7 Kxb7 19. Bxd4 Ne6 20. Be3 Rxd1+ 21. Nxd1 Rd8 22. Bd3 a5 23. Bxb5 Ne5 24. c3 Be7 25. Rxh7 Nxg5 26. Rxg7 Ne6 27. Rh7 Rg8 28. f4 Nf8 29. Rh6 1-0


[Site "https://www.chess.com"]

[Event "Titled Tuesday Blitz August 17 2021"]
[White "Duboue, Peio"]
[Black "Preotu, Razvan"]
[WhiteFideId "654833"]
[BlackFideId "2613280"]
[WhiteElo "2417"]
[BlackElo "2407"]
[Result "0-1"]
[Round "01"]
[TimeControl "180+1"]
[Date "2021.08.17"]
[WhiteClock "0:01:01"]
[BlackClock "0:01:09"]

1. e4 c5 2. c3 Nf6 3. e5 Nd5 4. d4 cxd4 5. Nf3 Nc6 6. cxd4 d6 7. Bc4 Nb6 8. Bb5 dxe5 9. Nxe5 Bd7 10. Nxd7 Qxd7 11. O-O e6 12. Nc3 a6 13. Bxc6 Qxc6 14. Re1 Bb4 15. Qg4 Kf8 16. Bd2 Nc4 17. Bc1 h5 18. Qg5 h4 19. h3 f6 20. Qg4 Kf7 21. Rd1 Bxc3 22. bxc3 Qd5 23. Bf4 b5 24. Rdb1 g5 25. Bh2 Nd2 26. Rb2 Ne4 27. c4 bxc4 28. Rab1 c3 29. Rb7+ Kg6 30. Rc7 Rhc8 0-1


[Site "https://www.chess.com"]

[Event "Titled Tuesday Blitz August 17 2021"]
[White "Esipenko, Andrey"]
[Black "Estrada Nieto, Julian"]
[WhiteFideId "24175439"]
[BlackFideId "5101018"]
[WhiteElo "2595"]
[BlackElo "2270"]
[Result "1-0"]
[Round "01"]
[TimeControl "180+1"]
[Date "2021.08.17"]
[WhiteClock "0:00:45"]
[BlackClock "0:00:06"]

1. Nf3 d5 2. b3 Nf6 3. e3 Bg4 4. h3 Bxf3 5. Qxf3 Nbd7 6. Bb2 e5 7. c4 c6 8. Qd1 Bd6 9. Be2 O-O 10. O-O Qe7 11. d3 Rfe8 12. Nd2 Ba3 13. Qc1 Bxb2 14. Qxb2 a5 15. cxd5 cxd5 16. d4 e4 17. Rfc1 Rec8 18. Rxc8+ Rxc8 19. Rc1 Qd8 20. Bb5 h6 21. Nf1 Nf8 22. Ng3 g6 23. Qa3 Rxc1+ 24. Qxc1 Qb6 25. Bf1 Ne6 26. Ne2 Kg7 27. Nc3 Qb4 28. Qb2 Nc7 29. a3 Qb6 30. b4 axb4 31. axb4 Nce8 32. b5 Nd6 33. Qa2 Qc7 34. Nxd5 Nxd5 35. Qxd5 Kg8 36. g3 Qe7 37. h4 h5 38. b6 Qd8 39. Qc5 Qe7 40. Bc4 Qf6 41. Bd5 Kg7 42. Qc7 Nb5 43. Qxb7 Nc3 44. Qxf7+ Qxf7 45. Bxf7 Kxf7 46. b7 1-0


[Site "https://www.chess.com"]

[Event "Titled Tuesday Blitz August 17 2021"]
[White "Federzoni, Enzo"]
[Black "Cunjalo, Faris"]
[WhiteFideId "2173301"]
[BlackFideId "14410710"]
[WhiteElo "1956"]
[BlackElo "2234"]
[Result "0-1"]
[Round "01"]
[TimeControl "180+1"]
[Date "2021.08.17"]
[WhiteClock "0:00:07"]
[BlackClock "0:00:07"]

1. e4 c6 2. d4 d5 3. e5 c5 4. dxc5 e6 5. a3 Bxc5 6. b4 Bb6 7. Nf3 Nd7 8. Bb2 Nh6 9. c4 dxc4 10. Nbd2 Ng4 11. Ne4 O-O 12. h3 Nh6 13. Bxc4 Nf5 14. O-O Qe7 15. Qe2 Rd8 16. Rfd1 a5 17. Bc3 Nf8 18. Rxd8 Bxd8 19. Rd1 Bd7 20. g4 Nh4 21. Nxh4 Qxh4 22. b5 Be8 23. Kg2 Ng6 24. Qf3 Bg5 25. Nd6 h5 26. gxh5 Nf4+ 27. Kh2 Rd8 28. Rg1 Bh6 29. Rg4 Qxh5 30. Rxf4 Bxf4+ 31. Qxf4 Qd1 32. Qe3 a4 33. Bb4 Bd7 34. Bd3 Qh5 35. Qe4 b6 36. Nb7 Rc8 37. Bc4 Qg5 38. Nd6 Rb8 39. Qf3 Qxe5+ 40. Qg3 Qxg3+ 41. Kxg3 Ra8 42. Bc3 Rb8 43. Bd4 f6 44. Bd3 Kf8 45. Nc4 Ke7 46. Bxb6 Bxb5 47. Bc5+ Kd8 48. Kf3 Bxc4 49. Bxc4 Kd7 50. Be3 Kc6 51. Bd3 Kd5 52. Be4+ Kc4 53. Bd2 Kb3 54. Bb4 Rxb4 55. axb4 a3 56. Bb1 Kb2 57. b5 Kxb1 58. b6 a2 59. b7 a1=Q 60. b8=Q+ Qb2 61. Qc7 Qb3+ 62. Kg2 Qd5+ 63. Kg1 Qg5+ 64. Kf1 e5 65. Qd7 Kc2 66. Qc6+ Kd3 67. Qd5+ Kc3 68. Qe6 Qc1+ 69. Kg2 Qg5+ 70. Kf1 Qh4 71. Qd5 Qxh3+ 72. Ke2 Qg4+ 73. Kf1 Qc4+ 74. Qxc4+ Kxc4 0-1


[Site "https://www.chess.com"]

[Event "Titled Tuesday Blitz August 17 2021"]
[White "Fier, Alexandr"]
[Black "Chen, Max"]
[WhiteFideId "2107139"]
[BlackFideId "2622440"]
[WhiteElo "2569"]
[BlackElo "2426"]
[Result "1-0"]
[Round "01"]
[TimeControl "180+1"]
[Date "2021.08.17"]
[WhiteClock "0:02:42"]
[BlackClock "0:00:37"]

1. d4 Nf6 2. Bg5 d5 3. Bxf6 exf6 4. g3 Be6 5. Bg2 c6 6. e3 Bd6 7. Ne2 O-O 8. Nd2 b5 9. O-O Nd7 10. a4 a6 11. c3 Qc7 12. Nf4 Rfb8 13. Nxe6 fxe6 14. e4 bxa4 15. Qc2 a3 16. bxa3 Qa5 17. c4 Rb7 18. cxd5 cxd5 19. exd5 exd5 20. Nc4 dxc4 21. Bxb7 Rb8 22. Qxc4+ Kh8 23. Bg2 Nb6 24. Qc6 Bf8 25. Rab1 1-0


[Site "https://www.chess.com"]

[Event "Titled Tuesday Blitz August 17 2021"]
[White "Filippova, Margarita"]
[Black "Tristan, Leonardo"]
[WhiteFideId "34199680"]
[BlackFideId "113816"]
[WhiteElo "1829"]
[BlackElo "2404"]
[Result "0-1"]
[Round "01"]
[TimeControl "180+1"]
[Date "2021.08.17"]
[WhiteClock "0:01:04"]
[BlackClock "0:00:30"]

1. Nf3 d5 2. d4 Nf6 3. c4 e6 4. Nc3 a6 5. e3 b6 6. Qc2 Bb7 7. Be2 Nbd7 8. O-O Bd6 9. Rd1 O-O 10. a3 dxc4 11. Ne5 Bxe5 12. dxe5 Nd5 13. Bxc4 Nxe5 14. Bxd5 exd5 15. e4 d4 16. Nd5 c5 17. Qb3 Bxd5 18. exd5 c4 19. Qb4 Qxd5 20. Qxb6 Nd3 21. b3 Rab8 22. bxc4 Qxc4 23. Qd6 Rfd8 24. Qg3 Nc5 25. Bg5 Ne4 26. Qf4 Nxg5 27. Qxg5 Rd5 28. Qf4 Rbd8 29. Rac1 Qa4 30. Rc7 Qxd1# 0-1


[Site "https://www.chess.com"]

[Event "Titled Tuesday Blitz August 17 2021"]
[White "Galchenko, Matvey"]
[Black "Martins, Igor Carvalho Ribeiro"]
[WhiteFideId "24175480"]
[BlackFideId "2162962"]
[WhiteElo "2453"]
[BlackElo "2452"]
[Result "0-1"]
[Round "01"]
[TimeControl "180+1"]
[Date "2021.08.17"]
[WhiteClock "0:00:18"]
[BlackClock "0:00:17"]

1. c4 g6 2. Nc3 Bg7 3. h4 Nf6 4. e4 d6 5. h5 Nxh5 6. d4 e5 7. d5 Nd7 8. Be3 a5 9. g3 b6 10. Be2 Ndf6 11. Nf3 h6 12. Qd2 Ng4 13. O-O-O Bd7 14. Kb1 a4 15. a3 Nxe3 16. Qxe3 Nf6 17. Nd2 h5 18. f4 Qe7 19. Rdf1 Ng4 20. Qd3 Kd8 21. f5 Bf6 22. Bd1 Kc8 23. Ka1 Kb8 24. Ndb1 Kb7 25. Nb5 gxf5 26. exf5 e4 27. Qd2 e3 28. Qc2 Qe5 29. N1c3 Nf2 30. Rhg1 Bxf5 31. Qc1 Nxd1 32. Qxd1 Bg4 33. Qe1 Bg5 34. Ne2 f5 35. Nbd4 h4 36. gxh4 Bxh4 37. Qb4 Bf2 38. Rg2 Rh7 39. Nc6 Qe4 40. Rgxf2 exf2 41. Rxf2 Rh1+ 42. Ka2 Qb1# 0-1


[Site "https://www.chess.com"]

[Event "Titled Tuesday Blitz August 17 2021"]
[White "Garv Gaur"]
[Black "Timmermans, Mark"]
[WhiteFideId "45030839"]
[BlackFideId "1026399"]
[WhiteElo "1950"]
[BlackElo "2460"]
[Result "0-1"]
[Round "01"]
[TimeControl "180+1"]
[Date "2021.08.17"]
[WhiteClock "0:01:15"]
[BlackClock "0:02:44"]

1. d4 Nf6 2. Nf3 e6 3. c4 d5 4. g3 Be7 5. Bg2 O-O 6. O-O dxc4 7. Qc2 b5 8. a4 b4 9. Qxc4 Ba6 10. Qc2 Nbd7 11. Bf4 c5 12. dxc5 Bxc5 13. Ne5 Rc8 14. Nc6 Qb6 15. a5 Qb5 16. Nd2 Nd5 17. e4 Nxf4 18. gxf4 Rxc6 19. e5 Bxf2+ 0-1


[Site "https://www.chess.com"]

[Event "Titled Tuesday Blitz August 17 2021"]
[White "Golubenko, Valentina"]
[Black "Potapova, Margarita"]
[WhiteFideId "4501993"]
[BlackFideId "14126869"]
[WhiteElo "2164"]
[BlackElo "2214"]
[Result "0-1"]
[Round "01"]
[TimeControl "180+1"]
[Date "2021.08.18"]
[WhiteClock "0:00:01"]
[BlackClock "0:00:02"]

1. d4 Nf6 2. g3 d5 3. Bg2 c5 4. c4 cxd4 5. cxd5 Qa5+ 6. Bd2 Qb6 7. Qc2 Nbd7 8. Nf3 Nxd5 9. O-O e6 10. Ng5 Be7 11. Bxd5 exd5 12. Rc1 h6 13. Nf3 O-O 14. Bf4 Nc5 15. Nxd4 Ne4 16. Be3 Bc5 17. Rd1 Bh3 18. Nc3 Nxc3 19. bxc3 Rac8 20. Rab1 Qa6 21. Qb3 Bxd4 22. Bxd4 Qxe2 23. Qxd5 b6 24. Re1 Qg4 25. Re7 Rcd8 26. Qb7 Rb8 27. Qd5 Rbd8 28. Qb7 Qg6 29. Rbe1 h5 30. Qe4 Qg5 31. Qe5 Qg6 32. Qe4 Bf5 33. Qf4 Bg4 34. R1e5 f6 35. Re1 Rfe8 36. Qc7 Rc8 37. Qxa7 Rf8 38. Qb7 Qg5 39. Be3 Qg6 40. Qd5+ Kh8 41. Bxb6 Rb8 42. Bd4 Rbd8 43. Qc4 Bf3 44. R7e3 Bb7 45. Qd3 Qf7 46. Re4 Bxe4 47. Qxe4 Rfe8 48. Qb1 Rxe1+ 49. Qxe1 Re8 50. Qd1 Qe6 51. Qxh5+ Kg8 52. h4 Qe1+ 53. Kg2 Qe4+ 54. Kg1 Qe1+ 55. Kg2 Qe6 56. Qf3 Rd8 57. a4 Qc4 58. a5 Qb5 59. Qg4 Qxa5 60. Bxf6 Qa8+ 61. Kh2 Qb7 62. Bxd8 Qf7 0-1


[Site "https://www.chess.com"]

[Event "Titled Tuesday Blitz August 17 2021"]
[White "Goryachkina, Aleksandra"]
[Black "Jodorcovsky Werjivker, Paulo"]
[WhiteFideId "4147103"]
[BlackFideId "3700305"]
[WhiteElo "2441"]
[BlackElo "2142"]
[Result "1-0"]
[Round "01"]
[TimeControl "180+1"]
[Date "2021.08.18"]
[WhiteClock "0:00:15"]
[BlackClock "0:00:04"]

1. e4 e5 2. Nf3 Nc6 3. Bc4 Nf6 4. d3 Be7 5. O-O O-O 6. a3 d6 7. Nc3 Na5 8. Ba2 c5 9. h3 Qc7 10. Bg5 Be6 11. Bxf6 Bxf6 12. Nd5 Bxd5 13. Bxd5 Nc6 14. c3 Kh8 15. b4 Ne7 16. Bc4 Ng6 17. g3 Qd7 18. Kg2 h5 19. Nd2 b5 20. Bd5 h4 21. Qh5+ Kg8 22. Qxg6 Rac8 23. Qh5 cxb4 24. cxb4 Rc2 25. Ra2 Rxa2 26. Bxa2 Qc6 27. Nf3 hxg3 28. Kxg3 Qc2 29. Bb1 Qe2 30. Qg4 Be7 31. Re1 Qb2 32. h4 f5 33. exf5 d5 34. Nxe5 Bd6 35. f4 Bxe5 36. fxe5 Qd2 37. Qe2 Qh6 38. d4 Rc8 39. Qf3 Rc4 40. e6 Rxd4 41. Rh1 Qf6 42. Qe3 1-0


[Site "https://www.chess.com"]

[Event "Titled Tuesday Blitz August 17 2021"]
[White "Gracia Alvarez, Gerardo Antonio"]
[Black "Yeletsky, Ivan"]
[WhiteFideId "5109124"]
[BlackFideId "24180327"]
[WhiteElo "2148"]
[BlackElo "2344"]
[Result "0-1"]
[Round "01"]
[TimeControl "180+1"]
[Date "2021.08.17"]
[WhiteClock "0:00:24"]
[BlackClock "0:00:59"]

1. e4 e6 2. d4 c5 3. Nf3 cxd4 4. Nxd4 Nc6 5. Nc3 a6 6. Be2 d6 7. O-O Nf6 8. Be3 Be7 9. f4 O-O 10. Kh1 e5 11. Nb3 b5 12. fxe5 dxe5 13. Bg5 Nd4 14. Nxd4 exd4 15. Bxf6 Bxf6 16. Nd5 Be5 17. Bg4 Qh4 18. h3 Qg3 19. Kg1 f5 20. exf5 Kh8 21. Qf3 Qh2+ 22. Kf2 Bxf5 23. Rh1 Bxg4 24. Rxh2 Bxf3 0-1


[Site "https://www.chess.com"]

[Event "Titled Tuesday Blitz August 17 2021"]
[White "Grafil, Franz Robert"]
[Black "Marcziter, Dmitrii"]
[WhiteFideId "5205298"]
[BlackFideId "13900765"]
[WhiteElo "2211"]
[BlackElo "2155"]
[Result "1/2-1/2"]
[Round "01"]
[TimeControl "180+1"]
[Date "2021.08.18"]
[WhiteClock "0:00:08"]
[BlackClock "0:00:14"]

1. d4 Nf6 2. c4 g6 3. g3 Bg7 4. Bg2 O-O 5. Nc3 d6 6. Nf3 Nbd7 7. O-O e5 8. e4 c6 9. Qc2 exd4 10. Nxd4 Qb6 11. Rd1 Ne8 12. Be3 Qc7 13. Qd2 Ne5 14. b3 Ng4 15. Bf4 Qb6 16. h3 Ne5 17. Rac1 a5 18. Na4 Qc7 19. c5 dxc5 20. Nxc5 Nf6 21. Nd3 Nfd7 22. Nb5 Qb6 23. Nd6 Nxd3 24. Qxd3 Ne5 25. Bxe5 Bxe5 26. Nc4 Qc7 27. Nxe5 Qxe5 28. f4 Qe7 29. e5 Be6 30. Qd6 Rfe8 31. Rd4 Qf8 32. Qxf8+ Kxf8 33. Kf2 Red8 34. Rcd1 Rxd4 35. Rxd4 Ke7 36. Ke3 h5 37. h4 a4 38. Rb4 axb3 39. Rxb7+ Kf8 40. axb3 Ra3 41. Bxc6 Bxb3 42. Rb8+ Kg7 43. Ra8 Rxa8 44. Bxa8 Kf8 45. Kd4 Ke7 46. Bd5 Bd1 47. Be4 Bg4 48. Kc5 Be6 49. Bd5 Bg4 50. Kd4 Bf5 51. Ke3 Bg4 52. Kf2 Bf5 53. Kg2 Bg4 54. Kh2 Bf5 55. Bg2 Bg4 56. Bh3 Bf3 57. Kg1 Bd5 58. f5 gxf5 59. Bxf5 Be6 60. Be4 f5 61. Bf3 Bf7 62. Bd1 Bg6 63. Bb3 Bf7 64. Bd1 Bg6 65. Bb3 Bf7 66. Bc2 Bg6 67. Bd3 Ke6 68. Kf2 Kxe5 69. Be2 Bf7 70. Ke3 Be8 71. Bf3 Bf7 72. Bb7 Be6 73. Ba6 Bf7 74. Be2 Be8 75. Bf3 Bf7 76. Bd1 Be8 77. Be2 Bg6 78. Bd3 Bf7 79. Bb5 Bg6 80. Bc6 Bf7 81. Bd7 Bg6 82. Bb5 Bf7 83. Be2 1/2-1/2


[Site "https://www.chess.com"]

[Event "Titled Tuesday Blitz August 17 2021"]
[White "Gunina, Valentina"]
[Black "Jain, Naveen"]
[WhiteFideId "4167570"]
[BlackFideId "5003970"]
[WhiteElo "2399"]
[BlackElo "2036"]
[Result "1-0"]
[Round "01"]
[TimeControl "180+1"]
[Date "2021.08.17"]
[WhiteClock "0:01:47"]
[BlackClock "0:00:16"]

1. d4 Nf6 2. c4 c5 3. d5 b5 4. a4 bxc4 5. Nc3 d6 6. e4 g6 7. Nf3 Bg7 8. Bxc4 O-O 9. O-O Ba6 10. Bb5 Qa5 11. Bd2 Bxb5 12. axb5 Qc7 13. Qe2 Nbd7 14. h3 Rfb8 15. Rfe1 Ne8 16. Bg5 Ne5 17. Nd2 Qb7 18. f4 Nd7 19. Bxe7 Ndf6 20. Bxf6 Bxf6 21. e5 Bg7 22. Nc4 dxe5 23. fxe5 Nc7 24. Nd6 Qb6 25. Qf3 Rf8 26. Nc4 Qb7 27. d6 Qxf3 28. gxf3 Ne6 29. Ra6 Nd4 30. Kg2 Rfb8 31. Rea1 Nxb5 32. Nxb5 Rxb5 33. Rxa7 Rab8 34. Rc7 Bh6 35. d7 Bg5 36. Rc8+ Kg7 37. Ra8 Rxa8 38. Rxa8 Rb4 39. Nd6 Rxb2+ 40. Kg3 h5 41. h4 Be7 42. Re8 Bxh4+ 43. Kxh4 Rh2+ 44. Kg3 1-0


[Site "https://www.chess.com"]

[Event "Titled Tuesday Blitz August 17 2021"]
[White "Gupta, Abhijeet"]
[Black "Perrine, Dalton"]
[WhiteFideId "5010608"]
[BlackFideId "2048434"]
[WhiteElo "2549"]
[BlackElo "2461"]
[Result "1-0"]
[Round "01"]
[TimeControl "180+1"]
[Date "2021.08.17"]
[WhiteClock "0:01:57"]
[BlackClock "0:00:25"]

1. Nf3 d5 2. c4 d4 3. g3 c5 4. Bg2 Nc6 5. d3 e5 6. e3 Bd6 7. exd4 exd4 8. O-O Nge7 9. Nbd2 b6 10. b4 Bf5 11. b5 Na5 12. Nb3 Nxb3 13. axb3 O-O 14. Nh4 Be6 15. Re1 Qd7 16. Bxa8 Rxa8 17. Qf3 Re8 18. Bf4 Bg4 19. Qe4 f5 20. Qe6+ Qxe6 21. Rxe6 Bxf4 22. gxf4 Kf7 23. Re5 Ra8 24. f3 Bh5 25. Nxf5 Nxf5 26. Rxf5+ Kg6 27. Rg5+ Kh6 28. Re5 Bxf3 29. Kf2 Bh5 30. Re6+ g6 31. Rxb6 1-0


[Site "https://www.chess.com"]

[Event "Titled Tuesday Blitz August 17 2021"]
[White "Hajek, Oskar"]
[Black "Paravyan, David"]
[WhiteFideId "374512"]
[BlackFideId "4194985"]
[WhiteElo "2144"]
[BlackElo "2562"]
[Result "0-1"]
[Round "01"]
[TimeControl "180+1"]
[Date "2021.08.17"]
[WhiteClock "0:00:01"]
[BlackClock "0:00:58"]

1. e4 e5 2. Nf3 Nc6 3. Bb5 f5 4. Nc3 fxe4 5. Nxe4 Nf6 6. Nxf6+ Qxf6 7. d4 Nxd4 8. Nxd4 exd4 9. O-O Be7 10. b3 O-O 11. Bb2 Bc5 12. Bc4+ Kh8 13. Bd3 d6 14. Qh5 Bf5 15. Bxf5 Qxf5 16. Qxf5 Rxf5 17. Rad1 Rf4 18. g3 Re4 19. Rd2 Rae8 20. Rfd1 d3 21. cxd3 Re2 22. d4 Bb4 23. Rxe2 Rxe2 24. Rb1 d5 25. Kf1 Rc2 26. a3 Bd6 27. Bc1 Kg8 28. Be3 Kf7 29. a4 Ke6 30. Ke1 h5 31. Kd1 Ra2 32. Ke1 Kf5 33. Kf1 Ke4 34. Kg2 Kd3 35. h4 Kc2 36. Re1 Kxb3 37. Bg5 Kxa4 38. Re8 b5 0-1


[Site "https://www.chess.com"]